 Dungeon Crawl Stone Soup version 0.31-a0-1388-g4b2ba238e7 (webtiles) character file.

Game seed: 9636615308793429939

35 grandjackal the Slasher (level 3, -3/28 HPs)
             Began as a Demonspawn Gladiator on Dec 24, 2023.
             Slain by Natasha (6 damage)
             ... on level 2 of the Dungeon.
             The game lasted 00:01:00 (877 turns).

grandjackal the Slasher (Demonspawn Gladiator)       Turns: 877, Time: 00:01:01

Health: -3/28      AC:  4    Str: 14    XL:     3   Next: 17%
Magic:  3/3        EV: 12    Int: 10    God:
Gold:   105        SH:  0    Dex: 16    Spells: 2/2 levels left

rFire   . . .        a - +0 long sword
rCold   . . .        (no shield)
rNeg    . . .        b - +0 leather armour
rPois   .            c - +0 helmet
rElec   .            (no cloak)
rCorr   .            (no gloves)
SInv    .            (no boots)
Will    .....        (no amulet)
Stlth   +            (no ring)
HPRegen 0.24/turn    (no ring)
MPRegen 0.08/turn

%: no passive effects
@: slowed, very slow
A: big brain 1
a: no special abilities


You were on level 2 of the Dungeon.
You visited 1 branch of the dungeon, and saw 2 of its levels.

You collected 105 gold pieces.

Inventory:

Hand Weapons
 a - a +0 long sword (weapon)
Missiles
 d - 3 throwing nets (quivered)
 e - a javelin
Armour
 b - a +0 leather armour (worn)
 c - a +0 helmet (worn)
Jewellery
 f - an amulet of the acrobat
Wands
 l - a wand of flame (25)
Scrolls
 h - a scroll of teleportation {unknown}
 i - 2 scrolls of amnesia {unknown}
 j - a scroll of poison {unknown}
 m - a scroll of immolation {unknown}
Potions
 g - a potion of curing {unknown}
 k - a potion of degeneration {unknown}


   Skills:
 + Level 2.6 Fighting
 + Level 3.2 Long Blades
 - Level 2.0 Throwing
 - Level 3.0 Dodging


You had 2 spell levels left.
You didn't know any spells.
Your spell library was empty.

Dungeon Overview and Level Annotations

Branches:
Dungeon (2/15)

Altars:
Gozag

Shops:
D:2 :

Annotations:
D:2 Natasha


Innate Abilities, Weirdness & Mutations

You have an unusually large brain. (Int +2)


Message History

Natasha is nearby!
Natasha is nearby!
Natasha stares at you and mumbles some strange words.
You feel yourself slow down.
A worm comes into view.
Natasha claws you but does no damage. Natasha closely misses you.
You barely miss Natasha. Natasha claws you.
You barely miss Natasha. Natasha claws you but does no damage.
Natasha misses you.
You barely miss Natasha. Natasha claws you. x2
You barely miss Natasha. Natasha closely misses you. Natasha claws you.
Unknown command.
You barely miss Natasha. Natasha claws you but does no damage.
The worm bites you. Natasha claws you!
* * * LOW HITPOINT WARNING * * *
Unknown command.
You are too injured to fight recklessly!
Unknown command.
You are too injured to fight recklessly!
Unknown command.
You barely miss Natasha. Your punch misses Natasha.
Natasha stares at you and mumbles some strange words.
You feel as though you will be slow longer.
The worm bites you but does no damage. Natasha claws you.
* * * LOW HITPOINT WARNING * * *
Unknown command.
You closely miss Natasha. Natasha misses you. The worm bites you.
* * * LOW HITPOINT WARNING * * *
Unknown command.
You closely miss Natasha.
Natasha claws you but does no damage. x2
The worm bites you.
* * * LOW HITPOINT WARNING * * *
Unknown command.
You hit Natasha.
Natasha is moderately wounded.
Natasha barely misses you. The worm bites you.
* * * LOW HITPOINT WARNING * * *
Natasha claws you.
You die...
Natasha curls up and begins to purr.

#.# #. #.# #.. ### ##.#
...# ..# #... ....#
###.# #.#. .....# ##.#.#
#...
......####....########.#
......h.................
......w@..)...#.######.#
.....#........#.# #.#
... #....†...#)# #.# .
#.!.....##.# #.#
#.......##.# #.#
#.......##.# #.#
####.......# #.#
#.####### #.# #.# #..


You could see a worm and Natasha.

Vanquished Creatures
  An adder (D:2)
  A dart slug (D:1)
  3 endoplasms (D:1)
  2 giant cockroaches (D:1)
  4 goblins
  4 hobgoblins
  A ball python (D:2)
  A bat (D:1)
  2 frilled lizards (D:1)
  A kobold (D:1)
  3 rats (D:1)
23 creatures vanquished.

Notes
Turn   | Place    | Note
-------+----------+-------------------------------------------
     0 | D:1      | grandjackal the Demonspawn Gladiator began the quest for
                  | the Orb.
     0 | D:1      | Reached XP level 1. HP: 16/16 MP: 1/1
    67 | D:1      | Found a faded altar of an unknown god.
   209 | D:1      | Gained mutation: You have an unusually large brain. (Int
                  | +2) [demonic ancestry]
   209 | D:1      | Reached XP level 2. HP: 21/22 MP: 2/2
   719 | D:2      | Found an opulent altar of Gozag.
   728 | D:2      | Found Zenkotao's Book Emporium.
   771 | D:2      | Reached XP level 3. HP: 28/28 MP: 3/3
   865 | D:2      | Noticed Natasha
   877 | D:2      | Slain by Natasha

Illustrated notes

Levels and vault maps discovered:
D:1:      giann_horns, layout_loops_cross, chequers_ecumenical_altar_twisty,
          corexii_corridor_pit, minmay_gold_behind_fungi
D:2:      layout_loops_corners, basic_altar, serial_shops,
          nicolae_shop_drivethru, shop_statue, shop, uniq_crazy_yiuf_cottage,
          uniq_natasha

Skill      XL: |  1  2 |
---------------+-------+-----
Throwing       | 2 |  2.0
Long Blades    | 3 |  3.2
Dodging        | 3 |  3.0
Fighting       | |  2.6

Action                     || total
---------------------------++-------
  Melee: Long sword        ||    68
 Armour: Leather armour    ||    40
  Dodge: Dodged            ||    42

Table legend: (Time is in decaauts)
 A = Elapsed time spent in this place.
 B = Non-inter-level travel time spent in this place.
 C = Inter-level travel time spent in this place.
 D = Time resting spent in this place.
 E = Time spent auto-exploring this place.
 F = Levels seen in this place.
 G = Mean time per level.
                   A        B        C        D        E       F      G
               +--------+--------+--------+--------+--------+-----+--------+
         Total |    899 |    891 |      8 |      0 |    707 |   2 |  449.5 |
       Dungeon |    899 |    891 |      8 |      0 |    707 |   2 |  449.5 |
               +--------+--------+--------+--------+--------+-----+--------+

Top non-repeatable levels by time:
     D:1: 730 daAuts
     D:2: 168 daAuts
